 Dungeon Crawl Stone Soup version 0.22-a0-605-g9281fa2407 (webtiles) character file.

777 GordonOverkill the Magician (level 7, -2/36 HPs)
             Began as a Deep Elf Air Elementalist on July 8, 2018.
             Was an Initiate of Sif Muna.
             Slain by Sigmund
             ... wielding a +0 scythe
              (9 damage)
             ... on level 4 of the Dungeon.
             The game lasted 00:14:42 (5710 turns).

GordonOverkill the Magician (DEAE)                  Turns: 5710, Time: 00:14:43

Health: -2/36      AC:  2    Str:  5    XL:     7   Next: 54%
Magic:  15/19      EV: 15    Int: 22    God:    Sif Muna [......]
Gold:   233        SH:  0    Dex: 15    Spells: 12/20 levels left

rFire    . . .     SeeInvis .   s - +4 long sword "GordonOverkill's Foe" {venom, rPois Stlth+}
rCold    . . .     Gourm    .   (no shield)
rNeg     . . .     Faith    .   a - +0 robe
rPois    +         Spirit   .   (no helmet)
rElec    .         Reflect  .   (no cloak)
rCorr    .         Harm     .   (no gloves)
MR       .....                  (no boots)
Stlth    +++.......             (no amulet)
HPRegen  0.12/turn              (no ring)
MPRegen  0.16/turn              (no ring)

@: no status effects
A: no striking features
a: Renounce Religion


You were on level 4 of the Dungeon.
You worshipped Sif Muna.
Sif Muna was noncommittal.
You were not hungry.

You visited 1 branch of the dungeon, and saw 4 of its levels.

You collected 233 gold pieces.

Inventory:

Hand Weapons
 s - the +4 long sword "GordonOverkill's Foe" (weapon) {venom, rPois Stlth+}
   (You took it off a gnoll sergeant on level 4 of the Dungeon)

   It poisons the flesh of those it strikes.
   It protects you from poison.
   It makes you more stealthy.
Missiles
 d - 103 stones (quivered)
Armour
 a - a +0 robe (worn)
Jewellery
 l - an uncursed amulet of rage {unknown}
Scrolls
 f - a scroll of magic mapping {unknown}
 g - 3 scrolls of enchant armour {unknown}
 j - 2 scrolls of immolation {unknown}
 k - a scroll of random uselessness {unknown}
 o - 2 scrolls of teleportation {unknown}
 q - a scroll of identify {unknown}
Potions
 b - 2 potions of heal wounds {unknown}
 e - a potion of berserk rage {unknown}
 h - a potion of haste {unknown}
 i - 2 potions of curing {unknown}
 m - a potion of brilliance {unknown}
 p - a potion of lignification {unknown}
Comestibles
 c - 5 rations


   Skills:
 + Level 4.6 Dodging
 - Level 3.0 Stealth
 - Level 7.0 Spellcasting
 + Level 3.8 Conjurations
 - Level 2.0 Charms
 + Level 1.9 Necromancy
 + Level 4.4 Air Magic
 + Level 2.0 Invocations


You had 12 spell levels left.
You knew the following spells:

 Your Spells              Type           Power        Failure   Level  Hunger
a - Shock                 Conj/Air       ####         1%          1    None
b - Swiftness             Chrm/Air       ###.....     3%          2    None
c - Animate Skeleton      Necr           N/A          3%          1    None
d - Airstrike             Air            ####......   13%         4    ###....

Your spell library contained the following spells:

 Spells                   Type           Power        Failure   Level  Hunger
 Apportation              Tloc           #.....       9%          1    None
 Lightning Bolt           Conj/Air       ####......   38%         5    #####..
 Summon Small Mammal      Summ           #...         9%          1    None
 Confusing Touch          Hex            #.....       9%          1    None
 Static Discharge         Conj/Air       ####....     4%          3    None


Dungeon Overview and Level Annotations

Branches:
Dungeon (4/15)
 Temple: D:4-7

Altars:
Ashenzari
Sif Muna
Yredelemnul
The Shining One

Annotations:
D:3 2 runed doors, lavawurm's ghost, amateur GrFi
D:4 Sigmund


Message History

You hear some strange, mumbled words.
Something tries to affect you, but you resist.
Okay, then.
Casting: Shock (safe; 1% risk of failure)
Confirm with . or Enter, or press ? or * to list all spells.
Aiming: Shock (safe; 1% risk of failure)
Press: ? - help, Shift-Dir - straight line The zap hits something.
Something hits you!
* * * LOW HITPOINT WARNING * * *
Casting: Shock (safe; 1% risk of failure)
Confirm with . or Enter, or press ? or * to list all spells.
Aiming: Shock (safe; 1% risk of failure)
Press: ? - help, Shift-Dir - straight line The zap hits something. x2
Casting: Shock (safe; 1% risk of failure)
Confirm with . or Enter, or press ? or * to list all spells.
Aiming: Shock (safe; 1% risk of failure)
Press: ? - help, Shift-Dir - straight line The zap hits something.
Something hits you!
You die...

##.#.## #.#.# #.#.###
##Z## ##...# #.#.# #.#
###....## #.#.### #.#
#.....#.# #.#.... #.#
#.#####.#....#####.#.###
#.#
................#....#
#.#
.#####.###.###.#..###
#.# #.# #.##.....#####
#.# #@# #.............
#.# #.# #..#....###.##
#.# ###.# #..##.#.# #.#
#.# #...# #..##.#.# #.#
#.# #.### #..##.#.# #(#
#.# #.# #..##...# #.#
#.# #.# #..####.# #.#
#.# #.# #..# #.# #.# #.#
#.# #..# #.# #.#


There were no monsters in sight!

Vanquished Creatures
  An ice beast (D:3)
  A gnoll sergeant (D:4)
  2 orc priests (D:4)
  4 orc wizards
  A bullfrog skeleton (D:4)
  Jessica (D:3)
  An iguana (D:4)
  Natasha (thrice) (D:3)
  4 worker ants (D:4)
  3 gnolls (D:4)
  6 adders
  2 oozes
  An adder skeleton (D:4)
  6 worms
  5 dart slugs
  3 leopard geckos
  7 orcs
  2 ball pythons (D:2)
  3 giant cockroaches
  6 goblins
  3 hobgoblins
  8 jackals
  2 quokkas (D:2)
  6 bats
  4 frilled lizards
  8 kobolds
  7 rats
100 creatures vanquished.

Notes
Turn   | Place    | Note
-------+----------+-------------------------------------------
     0 | D:1      | GordonOverkill the Deep Elf Air Elementalist began the quest for the Orb.
     0 | D:1      | Reached XP level 1. HP: 10/10 MP: 6/6
   231 | D:1      | Reached XP level 2. HP: 15/15 MP: 6/8
   729 | D:1      | Learned a level 2 spell: Swiftness
  1353 | D:1      | Reached XP level 3. HP: 19/19 MP: 8/10
  1539 | D:2      | Found a shattered altar of Ashenzari.
  1682 | D:2      | Reached skill level 4 in Spellcasting
  2029 | D:2      | Reached XP level 4. HP: 22/24 MP: 10/12
  2383 | D:2      | Learned a level 1 spell: Animate Skeleton
  2632 | D:3      | Learned a level 4 spell: Airstrike
  2636 | D:3      | Noticed Natasha
  2645 | D:3      | Killed Natasha
  2753 | D:3      | Noticed an ice beast
  3011 | D:3      | Found a glowing golden altar of the Shining One.
  3124 | D:3      | Reached XP level 5. HP: 28/28 MP: 11/14
  3193 | D:3      | Reached skill level 5 in Spellcasting
  3239 | D:3      | Noticed Natasha
  3246 | D:3      | Killed Natasha
  3539 | D:3      | Killed an ice beast
  3539 | D:3      | Reached XP level 6. HP: 32/32 MP: 5/16
  3714 | D:3      | Noticed Jessica
  3718 | D:3      | Killed Jessica
  3744 | D:3      | Found a large runed door.
  3910 | D:3      | Found a deep blue altar of Sif Muna.
  3926 | D:3      | Reached skill level 6 in Spellcasting
  3994 | D:3      | Became a worshipper of Sif Muna the Loreminder
  4011 | D:3      | Found a large runed door.
  4014 | D:3      | Noticed lavawurm's ghost (amateur GrFi)
  4259 | D:3      | Noticed Natasha
  4264 | D:3      | Killed Natasha
  4693 | D:4      | Reached skill level 1 in Charms
  4697 | D:4      | Reached skill level 1 in Invocations
  4858 | D:4      | Reached skill level 1 in Necromancy
  4858 | D:4      | Reached XP level 7. HP: 36/36 MP: 14/18
  5421 | D:4      | Found a basalt altar of Yredelemnul.
  5472 | D:4      | Got an iridescent long sword {venom}
  5473 | D:4      | Identified the +4 long sword "GordonOverkill's Foe" {venom, rPois Stlth+} (You took it off a gnoll sergeant on level 4 of the Dungeon)
  5556 | D:4      | Reached skill level 7 in Spellcasting
  5688 | D:4      | Noticed Sigmund
  5710 | D:4      | Slain by Sigmund

Vault maps used:
D:1:      kilobyte_arrival_exit_the_forest, st_stairs_5, roderic_lattice_a
D:2:      overflow_temple_1_default, first_ration
D:3:      lemuel_crystal_altar, ebering_ghost_disaster_area, led_sif_book,
          uniq_jessica, uniq_natasha
D:4:      lemuel_coloured_pillars_altar, grunt_ministairs_15, uniq_sigmund

Skill      XL: |  1  2  3  4  5  6  7 |
---------------+----------------------+-----
Stealth        | 3 |  3.0
Spellcasting   | 4 5 6 7 |  7.0
Conjurations   | 2 3 |  3.8
Dodging        | 3 4 |  4.6
Air Magic      | 4 |  4.4
Charms         | 1 2 |  2.0
Invocations    | 1 2 |  2.0
Necromancy     | 1 |  1.9

Action                   |  1- 3 |  4- 6 |  7- 9 || total
-------------------------+-------+-------+-------++-------
Melee: Short sword       |     2 |       |       ||     2
       Long sword        |       |       |     1 ||     1
 Cast: Shock             |    84 |   151 |    52 ||   287
       Swiftness         |     1 |       |       ||     1
       Animate Skeleton  |       |     2 |     2 ||     4
  Eat: Chunk             |     3 |     9 |     2 ||    14
Armor: Robe              |     5 |     3 |     3 ||    11
Dodge: Dodged            |    12 |    17 |    13 ||    42

Table legend:
 A = Spawn XP
 B = Non-spawn XP
 C = Spawn XP percentage of total XP
 D = Spawn monster count
 E = Non-spawn monster count
 F = Spawn count percentage of total count
 G = Total turns spent on level
                    A         B        C        D         E        F      G
               +---------+---------+-------+---------+---------+-------+---------
         Total |       0 |    1111 |   0.0 |       0 |     100 |   0.0 |  5710
               +---------+---------+-------+---------+---------+-------+---------
           D:1 |       0 |      41 |   0.0 |       0 |      20 |   0.0 |  1506
           D:2 |       0 |      98 |   0.0 |       0 |      28 |   0.0 |  1351
           D:3 |       0 |     416 |   0.0 |       0 |      23 |   0.0 |  1500
           D:4 |       0 |     556 |   0.0 |       0 |      29 |   0.0 |  1353
               +---------+---------+-------+---------+---------+-------+---------
